 Dungeon Crawl Stone Soup version 0.31-a0-145-g046c7d2549 (webtiles) character file.

Game seed: 12945274630818041424

151544 nicolae the Devastator (level 17, -5/108 HPs)
             Began as a Tengu Air Elementalist on Sept 19, 2022.
             Was a High Priest of Vehumet.
             Slain by a spriggan rider
             ... wielding a +0 spear
              (25 damage)
             ... on level 1 of the Swamp on June 6, 2023.
             The game lasted 02:19:14 (41809 turns).

nicolae the Devastator (Tengu Air Elementalist)    Turns: 41809, Time: 02:19:14

Health: -5/108     AC:  4    Str:  8    XL:     17   Next: 26%
Magic:  29/34      EV: 25    Int: 23    God:    Vehumet [*****.]
Gold:   796        SH:  0    Dex: 16    Spells: 1/41 levels left

rFire   . . .        a - +4 scimitar (flame)
rCold   + . .        (no shield)
rNeg    . . .        x - +2 troll leather armour
rPois   +            (helmet restricted)
rElec   .            H - +2 cloak
rCorr   .            c - +2 pair of gloves
SInv    .            (boots unavailable)
Will    +....        O - amulet of Refalapp {RegenMP rPois}
Stlth   ++           X - ring of protection from cold
HPRegen 1.18/turn    r - +4 ring of evasion
MPRegen 0.64/turn

%: no passive effects
@: corroded, flying quickly and evasively, invisible, quick
A: beak, talons 3, nimble flight
}: 1/15 runes: serpentine
a: Renounce Religion


You were on level 1 of the Swamp.
You worshipped Vehumet.
Vehumet was extremely pleased with you.
You visited 6 branches of the dungeon, and saw 28 of its levels.

You collected 3946 gold pieces.
You spent 3150 gold pieces at shops.

Inventory:

Hand Weapons
 a - a +4 scimitar of flaming (weapon)
 i - a +6 falchion of electrocution
Missiles
 w - 42 poisoned darts
 A - 5 curare-tipped darts
 E - 31 boomerangs
 G - 4 silver boomerangs
 R - 3 boomerangs of dispersal
 S - 6 datura-tipped darts
Armour
 c - a +2 pair of gloves (worn)
 x - a +2 troll leather armour (worn)
 H - a +2 cloak (worn)
 J - a +0 pair of gloves of dexterity
Magical Staves
 b - a staff of conjuration
Jewellery
 f - a ring of positive energy
 r - a +4 ring of evasion (right hand)
 D - the ring of Wapausom {rC+ MP-9 Str+2 Int+10 Stlth+}
   (You bought it in a shop on level 2 of the Orcish Mines)

   [ring of protection from cold]

   Str:       It affects your strength (+2).
   Int:       It affects your intelligence (+10).
   rC:        It protects you from cold.
   MP:        It affects your magic capacity (-9).
   Stlth:     It makes you more stealthy.
 O - the amulet of Refalapp (around neck) {RegenMP rPois}
   (You found it on level 1 of the Snake Pit)

   [amulet of magic regeneration]

   It increases your rate of magic regeneration.
   rPois:     It protects you from poison.
 P - a +6 ring of dexterity
 V - a +6 ring of strength
 W - a +6 ring of dexterity
 X - a ring of protection from cold (left hand)
Wands
 k - a wand of roots (5)
 y - a wand of quicksilver (4)
 B - a wand of digging (12)
 K - a wand of mindburst (2)
 M - a wand of flame (6)
 T - a wand of paralysis (7)
 U - a wand of polymorph (8)
Scrolls
 d - 3 scrolls of poison
 e - a scroll of brand weapon
 s - 2 scrolls of silence
 t - a scroll of vulnerability
 v - a scroll of immolation
 z - 4 scrolls of teleportation
 C - a scroll of magic mapping
 Q - a scroll of torment
Potions
 g - 7 potions of haste
 h - 7 potions of curing
 j - a potion of ambrosia
 l - 4 potions of lignification
 m - a potion of magic
 n - 2 potions of resistance
 p - 2 potions of invisibility
 q - 5 potions of might
 u - 4 potions of berserk rage
 I - a potion of cancellation
 L - 3 potions of attraction
Miscellaneous
 o - a condenser vane
 F - a phantom mirror


   Skills:
 - Level 12.4 Fighting
 - Level 6.7 Long Blades
 - Level 12.8 Dodging
 - Level 2.0 Stealth
 - Level 12.5 Spellcasting
 - Level 15.1 Conjurations
 - Level 5.0 Necromancy
 - Level 5.0 Translocations
 - Level 5.0 Transmutations
 - Level 5.0 Ice Magic
 - Level 15.0 Air Magic
 + Level 4.2 Earth Magic
 - Level 8.0 Evocations


You had one spell level left.
You knew the following spells:

 Your Spells              Type           Power      Damage    Failure   Level
a - Shock                 Conj/Air       100%       1d9       0%          1
b - Borgnjor's Vile Clut  Necr/Erth      17%        N/A       26%         5
c - Swiftness             Air            70%        N/A       1%          3
d - Airstrike             Air            35%        2d(5-21)  1%          4
e - Arcjolt               Conj/Air       35%        1d45      1%          5
f - Orb of Destruction    Conj           35%        9d10      3%          7
g - Freezing Cloud        Conj/Ice/Air   31%        6-21      1%          5
h - Irradiate             Conj/Tmut      28%        3d21      1%          5
i - Passwall              Tmut/Erth      29%        N/A       1%          2
j - Blink                 Tloc           74%        N/A       1%          2
k - Apportation           Tloc           74%        N/A       1%          1

Your spell library contained the following spells:

 Spells                   Type           Power      Damage    Failure   Level
 Ozocubu's Refrigeration  Ice            18%        4d11      83%         7
 Necrotise                Necr           100%       1d9       1%          1
 Sandblast                Erth           66%        2d15      1%          1
 Summon Small Mammal      Summ           56%        N/A       6%          1
 Static Discharge         Conj/Air       100%       2-7/arc   0%          2
 Lesser Beckoning         Tloc           74%        N/A       1%          2
 Momentum Strike          Conj/Tloc      100%       3d10      1%          2
 Poisonous Vapours        Pois/Air       96%        N/A       1%          2
 Sublimation of Blood     Necr           37%        N/A       1%          2
 Dazzling Flash           Conj/Hex       98%        N/A       1%          3
 Mephitic Cloud           Conj/Pois/Air  57%        N/A       1%          3
 Stone Arrow              Conj/Erth      100%       3d13      1%          3
 Vhi's Electric Charge    Tloc/Air       100%       N/A       1%          3
 Iskenderun's Mystic Bla  Conj/Tloc      57%        2d12      1%          4
 Iskenderun's Battlesphe  Conj           71%        2d12      1%          5
 Gell's Gravitas          Tloc           37%        N/A       2%          3
 Ignite Poison            Fire/Tmut/Pois 22%        N/A       2%          3
 Teleport Other           Tloc           37%        N/A       2%          3
 Ensorcelled Hibernation  Hex/Ice        50%        N/A       3%          2
 Leda's Unmaking          Conj/Erth      28%        9d5       5%          6
 Portal Projectile        Hex/Tloc       50%        N/A       7%          3
 Animate Dead             Necr           37%        N/A       9%          4
 Silence                  Hex/Air        24%        N/A       9%          5
 Petrify                  Tmut/Erth      35%        N/A       10%         4
 Starburst                Conj/Fire      24%        6d8       12%         6
 Call Canine Familiar     Summ           14%        N/A       19%         3
 Summon Guardian Golem    Hex/Summ       14%        N/A       19%         3
 Tukima's Dance           Hex            14%        N/A       19%         3
 Agony                    Necr           37%        N/A       22%         5
 Blade Hands              Tmut           18%        N/A       22%         5
 Maxwell's Capacitive Co  Air            35%        ∞         22%         8
 Animate Armour           Summ/Erth      48%        N/A       26%         4
 Leda's Liquefaction      Hex/Erth       12%        N/A       26%         4
 Spellforged Servitor     Conj/Summ      24%        N/A       50%         7
 Metabolic Englaciation   Hex/Ice        12%        N/A       54%         5
 Statue Form              Tmut/Erth      23%        N/A       83%         6
 Haunt                    Necr/Summ      12%        N/A       100%        7
 Infestation              Necr           18%        N/A       100%        8


Dungeon Overview and Level Annotations

Branches:
Dungeon (15/15)            Temple (1/1) D:5            Lair (5/5) D:8
  Swamp (1/4) Lair:3        Snake (4/4) Lair:2        Slime (0/5) Lair:5
    Orc (2/2) D:10            Elf (0/3) Orc:2        Vaults (0/5) D:13
 Depths (0/4) D:15

Altars:
Ashenzari
Cheibriados
Dithmenos
Elyvilon
Fedhas
Gozag
Hepliaklqana
Kikubaaqudgha
Makhleb
Nemelex Xobeh
Okawaru
Qazlal
Ru
Sif Muna
Trog
Uskayaw
Vehumet
Wu Jian
Xom
Yredelemnul
Zin
The Shining One

Shops:
D:4 ?   D:9 !   D:15 [   Orc:1 !   Orc:2 [==:*   Snake:1 ((:   Snake:2 (:*
Snake:3 [   Snake:4 (

Annotations:
D:8 3 runed translucent doors
D:11 1 runed translucent door, SirDiesAlot's ghost, journeyman MfGl
D:13 2 runed translucent doors, Tuopn's ghost, journeyman OpFE
Lair:5 3 runed translucent doors, purpskrrrp's ghost, journeyman OpFi
Snake:1 1 runed translucent door, Efachobe's ghost, adept GnBr
Snake:3 2 transporters, Arruroer's ghost, journeyman MiAK


Innate Abilities, Weirdness & Mutations

You have a beak for a mouth.
You have claws for feet.
Your magical nature lets you fly swiftly and evasively.


Message History

Your butterfly disappears in a burst of colours!
The spriggan rider completely misses your butterfly.
Press: ? - help, v - describe, . - travel Some shallow water.
There is a cloud of thin mist here.
The bog body casts a spell at something.
Your butterfly struggles to resist.
You feel stable enough to blink again. The swamp worm bites your butterfly!!
Your butterfly dies!
Your butterfly disappears in a burst of colours!
The spriggan rider hits you from afar with a +0 spear!
* * * LOW HITPOINT WARNING * * *
You feel better.
The spriggan rider hits you from afar with a +0 spear.
* * * LOW HITPOINT WARNING * * *
Okay, then.
Casting: Blink (safe; 1% risk of failure)
Confirm with . or Enter, or press ? or * to list all spells.
Okay, then.
You feel better.
Your butterfly disappears in a burst of colours!
The bog body barely misses your butterfly.
Something completely misses your butterfly.
The spriggan rider barely misses you.
Aiming: Airstrike (safe; 1% risk of failure)
Press: ? - help, Q - select action, (/) - cycle Dir - move target, f - spriggan rider
Aim: a spriggan rider, wielding a +0 spear (empty space bonus: 4/8)
The air twists around and strikes the spriggan rider!
The spriggan rider is moderately wounded.
The spriggan rider completely misses you.
The spriggan rider hits you from afar with a +0 spear.
* * * LOW HITPOINT WARNING * * *
Aiming: Airstrike (safe; 1% risk of failure)
Press: ? - help, Q - select action, (/) - cycle Dir - move target, f/p - spriggan rider
Aim: a spriggan rider, wielding a +0 spear (moderately wounded, ally target, empty space bonus: 7/8)
The air twists around and strikes the spriggan rider!!
The spriggan rider is heavily wounded.
The spriggan rider hits you from afar with a +0 spear!!
You die...

.~~~~..~~.♣~.~♣♣
......~§.~~.~.~~♣
~~~~~.~§..♣~.~~~~♣
~~~~~~~~~.♣..~~.♣♣♣♣♣
~~§~~§~§†.~..~..~.....
~~~.~~~~~...~~....~~~.
......~..........~~~~~
....~~.♣~~♣....~~b...~ ..~
...)~§....~@~§~~~........♣~~
...~~....§~.~i..b.♣ .~...~
~~~~~~[..~~.....♣♣♣ ♣♣.b~.♣
~~~~~~~...♣..)..~.♣♣♣.~~~~♣♣
~~~~§~~...♣♣♣♣~bw~♣♣~~~~~...
.§~~~~.~♣♣♣♣~~♣~.~♣♣~)~bb~~~
.~~~~~.♣♣ ♣..♣♣♣♣n~.~~~~~~~
....~~~ ♣♣♣ ♣§..~~~~~~~~
.~♣♣..~ ♣♣..?~~~~..~


You could see a spriggan rider (ally target), a bog body (unable to see you,
ally target) and a swamp worm (unable to see you).

Vanquished Creatures
  Rupert (D:14)
  2 quicksilver dragons
  Roxanne (Snake:4)
  5 nagarajas (Snake:4)
  An eleionoma (Swamp:1)
  Azrael (Snake:1)
  A fire dragon (Lair:5)
  7 salamander tyrants
  An ogre mage (D:13)
  6 hydras
  A catoblepas (D:13)
  7 anacondas (Snake:2)
  7 two-headed ogres
  4 boulder beetles
  A centaur warrior (D:14)
  5 naga warriors
  9 death yaks (Lair:5)
  A tengu warrior (D:15)
  7 naga sharpshooters
  4 orc high priests
  6 shock serpents
  A fire crab (shapeshifter) (D:14)
  2 salamander mystics
  A fire crab (D:15)
  2 goliath frogs (Swamp:1)
  4 skeletal warriors (D:14)
  Lodul (D:14)
  3 deep trolls (D:15)
  4 naga ritualists
  2 bog bodies (Lair:3)
  A lindwurm (Lair:5)
  Pikel (D:7)
  A deep elf pyromancer (D:12)
  A phantasmal warrior (D:14)
  6 orc knights
  A necromancer (D:15)
  A wolf spider (D:15)
  8 mana vipers
  6 orc sorcerers
  10 salamanders
  5 cyclopes
  7 manticores
  7 ugly things
  26 black mambas
  A guardian serpent (shapeshifter) (D:13)
  5 guardian serpents
  A torpor snail (Lair:4)
  6 naga magi
  3 molten gargoyles (Lair:5)
  13 cane toads
  2 kobold demonologists (D:13)
  An efreet (D:14)
  11 komodo dragons
  2 rime drakes (Lair:4)
  Maggie (Lair:1)
  A rime drake (shapeshifter) (D:13)
  A tengu conjurer (D:15)
  3 freezing wraiths
  8 trolls
  A hornet (D:9)
  A meliai (shapeshifter) (D:14)
  2 polar bears
  A bloated husk (Swamp:1)
  Prince Ribbit (D:6)
  9 slime creatures
  12 blink frogs
  7 dream sheep (Lair:4)
  A jumping spider (shapeshifter) (D:13)
  A spriggan (shapeshifter) (D:15)
  2 shadows
  3 vampires
  4 wraiths
  A wyvern (Lair:3)
  4 steam dragons
  5 basilisks
  45 yaks
  5 fire elementals (Snake:1)
  9 vampire mosquitoes
  A harpy simulacrum (D:14)
  A swamp worm (Swamp:1)
  19 nagas
  A two-headed ogre zombie (D:10)
  5 wargs
  6 acid dragons
  14 water moccasins
  7 hell hounds
  22 orc warriors
  12 ogres
  13 wolves
  3 black bears
  4 centaurs
  4 lemures (D:7)
  3 phantoms
  3 kobold brigands
  17 bullfrogs
  A gnoll sergeant (D:8)
  A necrophage (D:4)
  2 scorpions
  A wight (D:9)
  2 troll zombies (D:10)
  7 killer bees
  4 vampire bats (Lair:1)
  2 electric eels
  7 lava snakes
  3 hounds
  2 gnoll boudas
  Crazy Yiuf (D:2)
  2 jellies
  10 orc priests
  Terence (D:3)
  An iguana (D:2)
  17 orc wizards
  5 ogre zombies (D:10)
  11 gnolls
  9 adders
  A shadow imp (D:5)
  13 white imps
  2 worms
  A dart slug (D:1)
  58 orcs
  7 ball pythons
  5 endoplasms
  5 giant cockroaches
  4 goblins
  5 hobgoblins
  2 quokkas (D:5)
  12 bats
  5 frilled lizards
  2 goblin skeletons (D:10)
  5 goblin zombies (D:10)
  3 hobgoblin skeletons (D:10)
  2 hobgoblin zombies (D:10)
  19 kobolds
  4 orc skeletons (D:10)
  9 orc zombies (D:10)
  3 rats
743 creatures vanquished.

Vanquished Creatures (collateral kills)
  A death knight (D:14)
  A salamander (Snake:3)
  A naga mage (Snake:3)
3 creatures vanquished.

Grand Total: 746 creatures vanquished

Notes
Turn   | Place    | Note
-------+----------+-------------------------------------------
     0 | D:1      | nicolae the Tengu Air Elementalist began the quest for the
                  | Orb.
     0 | D:1      | Reached XP level 1. HP: 10/10 MP: 4/4
   287 | D:1      | Reached XP level 2. HP: 15/15 MP: 6/6
   290 | D:1      | Learned a level 2 spell: Static Discharge
   453 | D:1      | Reached skill level 5 in Air Magic
  1105 | D:2      | Reached XP level 3. HP: 19/19 MP: 3/7
  1153 | D:2      | Found a runed translucent door.
  1154 | D:2      | Noticed Crazy Yiuf
  1655 | D:2      | Reached XP level 4. HP: 15/24 MP: 4/8
  1767 | D:2      | Found a faded altar of an unknown god.
  2250 | D:2      | Learned a level 3 spell: Swiftness
  2836 | D:3      | Noticed Terence
  2841 | D:3      | Reached skill level 5 in Conjurations
  2841 | D:3      | Killed Terence
  2842 | D:3      | Reached skill level 1 in Fighting
  2842 | D:3      | Gained mutation: Your magical nature lets you fly swiftly
                  | and evasively. [Tengu growth]
  2842 | D:3      | Reached XP level 5. HP: 30/30 MP: 2/9
  3496 | D:4      | Found Tuegad's Magic Scroll Shop.
  3505 | D:4      | Bought a scroll of identify for 20 gold pieces
  3505 | D:4      | Bought a scroll of identify for 20 gold pieces
  3505 | D:4      | Bought a scroll of magic mapping for 75 gold pieces
  3505 | D:4      | Bought a scroll of blinking for 75 gold pieces
  3513 | D:4      | Noticed an ogre
  3772 | D:4      | Killed an ogre
  3773 | D:4      | Reached XP level 6. HP: 37/37 MP: 5/10
  4018 | D:4      | Noticed a black bear
  4022 | D:4      | Killed a black bear
  4265 | D:5      | Entered Level 5 of the Dungeon
  4328 | D:5      | Reached XP level 7. HP: 43/43 MP: 4/11
  4902 | D:5      | Found a staircase to the Ecumenical Temple.
  5038 | D:5      | Noticed a steam dragon
  5048 | D:5      | Killed a steam dragon
  5176 | Temple   | Entered the Ecumenical Temple
  5365 | Temple   | Became a worshipper of Vehumet
  5427 | D:6      | Learned a level 4 spell: Airstrike
  5436 | D:6      | Upgraded the game from 0.30-a0-134-gb40fab5c76 to
                  | 0.30-a0-137-gd8773701ce
  6026 | D:6      | Noticed a manticore
  6038 | D:6      | Killed a manticore
  6039 | D:6      | Reached skill level 5 in Fighting
  6039 | D:6      | Reached skill level 5 in Dodging
  6039 | D:6      | Reached XP level 8. HP: 42/50 MP: 5/12
  6168 | D:6      | Found a stormy altar of Qazlal.
  6181 | D:6      | Reached skill level 1 in Evocations
  6313 | D:6      | Noticed a komodo dragon
  6338 | D:6      | Noticed a two-headed ogre
  6422 | D:6      | Killed a two-headed ogre
  6423 | D:6      | Reached XP level 9. HP: 43/54 MP: 0/16
  6618 | D:6      | Noticed Prince Ribbit
  6623 | D:6      | Killed Prince Ribbit
  6624 | D:6      | Reached skill level 10 in Air Magic
  6630 | D:6      | Learned a level 5 spell: Arcjolt
  6733 | D:6      | Killed a komodo dragon
  7319 | D:6      | Found a burning altar of Makhleb.
  7320 | D:6      | Found an ancient bone altar of Kikubaaqudgha.
  7374 | D:7      | Found a hazy altar of Hepliaklqana.
  7499 | D:7      | Noticed Pikel
  7801 | D:7      | Reached * piety under Vehumet
  7801 | D:7      | Offered knowledge of Sandblast by Vehumet.
  7977 | D:7      | Reached XP level 10. HP: 57/61 MP: 12/17
  8473 | D:7      | Killed Pikel
  8474 | D:7      | Reached skill level 5 in Spellcasting
  9043 | D:8      | Found a runed translucent gate.
  9043 | D:8      | Found a runed translucent gate.
  9043 | D:8      | Found a runed translucent gate.
  9043 | D:8      | Noticed a cyan ugly thing
  9043 | D:8      | Noticed a purple ugly thing
  9044 | D:8      | Noticed a green ugly thing
  9441 | D:8      | Found a staircase to the Lair.
  9444 | D:8      | Noticed a two-headed ogre
  9456 | D:8      | Killed a two-headed ogre
  9457 | D:8      | Upgraded the game from 0.30-a0-137-gd8773701ce to
                  | 0.30-a0-141-g30f27751c5
  9612 | D:8      | Offered knowledge of Foxfire by Vehumet.
  9628 | D:8      | Reached ** piety under Vehumet
 10120 | D:9      | Found a white marble altar of Elyvilon.
 10212 | D:9      | Reached XP level 11. HP: 63/69 MP: 21/21
 10255 | D:9      | Found Bonunury's Distillery.
 10259 | D:9      | Bought a potion of curing for 42 gold pieces
 10259 | D:9      | Bought a potion of curing for 42 gold pieces
 10259 | D:9      | Bought a potion of magic for 112 gold pieces
 10259 | D:9      | Bought a potion of curing for 42 gold pieces
 10372 | D:9      | Noticed a boulder beetle
 10404 | D:9      | Killed a boulder beetle
 11563 | D:10     | Entered Level 10 of the Dungeon
 11570 | D:10     | Found a staircase to the Orcish Mines.
 11584 | D:10     | Offered knowledge of Ignite Poison by Vehumet.
 11589 | D:10     | Reached *** piety under Vehumet
 11616 | D:10     | Noticed a manticore
 11620 | D:10     | Killed a manticore
 11629 | D:10     | Reached skill level 10 in Dodging
 11638 | D:10     | Reached skill level 10 in Fighting
 11646 | D:10     | Learned a level 3 spell: Ignite Poison
 11886 | D:10     | Offered knowledge of Mephitic Cloud by Vehumet.
 12224 | D:10     | Found a glowing silver altar of Zin.
 12403 | D:10     | Found a hide-covered altar of Uskayaw.
 12757 | D:11     | Reached skill level 10 in Conjurations
 12830 | D:11     | Noticed a cyclops
 12833 | D:11     | Killed a cyclops
 13334 | D:11     | Found a runed translucent door.
 13334 | D:11     | Noticed SirDiesAlot's ghost (journeyman MfGl)
 13613 | Lair:1   | Entered Level 1 of the Lair of Beasts
 13706 | Lair:1   | Reached XP level 12. HP: 77/77 MP: 19/22
 13707 | Lair:1   | Reached **** piety under Vehumet
 13717 | Lair:1   | Offered knowledge of Freezing Cloud by Vehumet.
 13724 | Lair:1   | Learned a level 5 spell: Freezing Cloud
 13736 | Lair:1   | Found a frozen archway.
 13805 | Lair:1   | Noticed Maggie
 13815 | Lair:1   | Killed Maggie
 13963 | Lair:1   | Reached skill level 1 in Long Blades
 14848 | Lair:2   | Reached skill level 5 in Long Blades
 14973 | Lair:2   | Found a staircase to the Snake Pit.
 15198 | Lair:2   | Found a dark tunnel.
 15317 | Lair:2   | Noticed a seven-headed hydra
 15324 | Lair:2   | Killed a seven-headed hydra
 16074 | Lair:3   | Found a staircase to the Swamp.
 16362 | Lair:3   | Reached XP level 13. HP: 82/82 MP: 18/24
 17233 | Lair:4   | Reached ***** piety under Vehumet
 17383 | Lair:4   | Offered knowledge of Hailstorm by Vehumet.
 18209 | Lair:5   | Entered Level 5 of the Lair of Beasts
 18218 | Lair:5   | Reached skill level 15 in Air Magic
 18524 | Lair:4   | Upgraded the game from 0.30-a0-141-g30f27751c5 to
                  | 0.30-a0-159-g068b764562
 18707 | Lair:5   | Found a staircase to the Slime Pits.
 19520 | Lair:5   | Upgraded the game from 0.30-a0-159-g068b764562 to
                  | 0.30-a0-165-g1891117ce2
 20440 | Lair:5   | Learned a level 5 spell: Irradiate
 20465 | Lair:5   | Found a runed translucent gate.
 20467 | Lair:5   | Noticed purpskrrrp's ghost (journeyman OpFi)
 20469 | Lair:5   | Found a runed translucent gate.
 20474 | Lair:5   | Found a runed translucent gate.
 20480 | Lair:5   | Reached skill level 1 in Transmutations
 20512 | Lair:5   | Reached skill level 15 in Conjurations
 20846 | Lair:5   | Reached XP level 14. HP: 62/88 MP: 27/27
 21320 | Lair:5   | Found a large runed translucent door.
 21320 | Lair:5   | Found a large runed translucent door.
 21811 | Lair:5   | Reached skill level 5 in Transmutations
 21820 | Lair:5   | Reached skill level 5 in Evocations
 23265 | D:12     | Offered knowledge of Yara's Violent Unravelling by Vehumet.
 24365 | D:13     | Found a large runed translucent door.
 24366 | D:13     | Found a large runed translucent door.
 24367 | D:13     | Noticed Tuopn's ghost (journeyman OpFE)
 24410 | D:13     | Reached skill level 10 in Spellcasting
 24958 | D:13     | Upgraded the game from 0.30-a0-165-g1891117ce2 to
                  | 0.30-a0-187-gd9c2deaf24
 24966 | D:13     | Reached skill level 1 in Ice Magic
 24988 | D:13     | Found a gate to the Vaults.
 25535 | D:14     | Noticed Rupert
 25541 | D:14     | Killed Rupert
 25542 | D:14     | Reached XP level 15. HP: 93/93 MP: 8/30
 25732 | D:14     | Noticed Lodul
 25736 | D:14     | Killed Lodul
 25982 | D:13     | Upgraded the game from 0.30-a0-187-gd9c2deaf24 to
                  | 0.30-a0-218-gedb9141078
 26088 | Orc:1    | Entered Level 1 of the Orcish Mines
 26178 | Orc:1    | Found Ceggitze's Distillery.
 26215 | Orc:1    | Learned a level 7 spell: Orb of Destruction
 26218 | Orc:1    | Learned a level 2 spell: Passwall
 26263 | Orc:1    | Bought 2 potions of haste for 320 gold pieces
 26263 | Orc:1    | Bought a potion of ambrosia for 128 gold pieces
 26263 | Orc:1    | Bought a potion of curing for 48 gold pieces
 26263 | Orc:1    | Bought a potion of resistance for 160 gold pieces
 26636 | Orc:1    | Offered knowledge of Fireball by Vehumet.
 26801 | Orc:2    | Entered Level 2 of the Orcish Mines
 27281 | Orc:2    | Found Suaba's Armour Shoppe.
 27425 | Orc:2    | Found a staircase to the Elven Halls.
 27994 | Orc:2    | Paralysed by an orc sorcerer for 5 turns
 28818 | Orc:2    | Found Kustaok's Jewellery Shoppe.
 28824 | Orc:2    | Found Akehaus's Assorted Antiques.
 28830 | Orc:2    | Bought a scroll of identify for 50 gold pieces
 28830 | Orc:2    | Bought a scroll of magic mapping for 187 gold pieces
 28831 | Orc:2    | Found Vorr's Book Shop.
 28833 | Orc:2    | Found Ymiy's Jewellery Shoppe.
 28839 | Orc:2    | Bought Maxwell's Memoranda for 646 gold pieces
 29672 | D:14     | Offered knowledge of Eringya's Noxious Bog by Vehumet.
 29975 | Orc:2    | Bought an amulet of magic regeneration for 390 gold pieces
 30408 | D:14     | Reached skill level 5 in Ice Magic
 31457 | D:15     | Entered Level 15 of the Dungeon
 31490 | D:15     | Found a staircase to the Depths.
 31874 | D:15     | Learned a level 2 spell: Blink
 32041 | D:15     | Found Qolili's Antique Armour Boutique.
 32104 | D:15     | Reached skill level 1 in Translocations
 32445 | D:15     | Found a broken altar of Ashenzari.
 32747 | D:15     | Identified the +3 war axe "Ulapnaem" {chaos, +Blink rF+
                  | Str+4}
 32966 | Snake:1  | Entered Level 1 of the Snake Pit
 32971 | Snake:1  | Identified the amulet of Refalapp {RegenMP rPois}
 33373 | Snake:1  | Found a runed translucent door.
 33373 | Snake:1  | Noticed Efachobe's ghost (adept GnBr)
 33403 | Snake:1  | Noticed Azrael
 33524 | Snake:1  | Killed Azrael
 33625 | Snake:1  | Found Dyinlevei's Antique Weapon Boutique.
 33627 | Snake:1  | Found Inniffeb's Weapon Shop.
 33629 | Snake:1  | Found Ejaol's Book Boutique.
 33788 | Snake:1  | Identified a scroll of acquirement
 33789 | Snake:1  | Acquired 1207 gold pieces
 33989 | Orc:2    | Bought the ring of Wapausom {rC+ MP-9 Str+2 Int+10 Stlth+}
                  | for 534 gold pieces
 34148 | D:15     | Bought a pair of runed gloves for 217 gold pieces
 34797 | Snake:2  | Reached XP level 16. HP: 47/99 MP: 7/33
 35084 | Snake:2  | Found Bajuakarph's Weapon Boutique.
 35297 | Snake:2  | Found Fata's General Store.
 35364 | Snake:2  | Bought a potion of curing for 42 gold pieces
 35724 | Snake:2  | Reached skill level 5 in Translocations
 36169 | Snake:2  | Upgraded the game from 0.30-a0-218-gedb9141078 to
                  | 0.30-a0-219-gf2db51d15e
 37061 | Snake:2  | Found Secezel's Book Boutique.
 37924 | Snake:3  | Offered knowledge of Ozocubu's Refrigeration by Vehumet.
 38008 | Snake:3  | Upgraded the game from 0.30-a0-219-gf2db51d15e to
                  | 0.30-a0-1114-gd936c97349
 38065 | Snake:3  | Found Xaewut's Armour Shoppe.
 38363 | Snake:3  | Found a transporter.
 38655 | Snake:3  | Found a transporter.
 38656 | Snake:3  | Noticed Arruroer's ghost (journeyman MiAK)
 39026 | Snake:4  | Entered Level 4 of the Snake Pit
 39054 | Snake:4  | Found Xeriegej's Antique Weapon Emporium.
 39215 | Snake:4  | Identified Roxanne's Excursus on Detritus
 39215 | Snake:4  | Noticed Roxanne
 39219 | Snake:4  | Learned a level 1 spell: Apportation
 39330 | Snake:4  | Killed Roxanne
 39519 | Snake:3  | Learned a level 5 spell: Borgnjor's Vile Clutch
 39601 | Snake:4  | Noticed a nagaraja
 39601 | Snake:4  | Noticed a nagaraja
 39601 | Snake:4  | Noticed a nagaraja
 39740 | Snake:4  | Noticed a quicksilver dragon
 39752 | Snake:3  | Killed a quicksilver dragon
 39753 | Snake:3  | Reached skill level 1 in Necromancy
 39880 | Snake:4  | Identified the +0 leather armour of the Great Game {rPois
                  | Str-2 Slay+3 SInv}
 39923 | Snake:4  | Reached skill level 1 in Earth Magic
 40098 | Snake:4  | Noticed a nagaraja
 40107 | Snake:4  | Killed a nagaraja
 40108 | Snake:4  | Reached XP level 17. HP: 96/108 MP: 22/34
 40172 | Snake:4  | Noticed a quicksilver dragon
 40212 | Snake:3  | Upgraded the game from 0.30-a0-1114-gd936c97349 to
                  | 0.31-a0-145-g046c7d2549
 40268 | Snake:4  | Killed a quicksilver dragon
 40749 | Snake:4  | Got a serpentine rune of Zot
 40806 | Snake:4  | Reached skill level 5 in Necromancy
 41127 | D:2      | Killed Crazy Yiuf
 41556 | Swamp:1  | Entered Level 1 of the Swamp
 41801 | Swamp:1  | HP: 2/108 [spriggan rider/+0 spear (14)]
 41809 | Swamp:1  | Slain by a spriggan rider

Illustrated notes

Levels and vault maps discovered:
D:1:      minmay_arrival_five_plusses, layout_loops_ring
D:2:      layout_basic, basic_ecumenical_altar, dreamdust_wishing_well,
          uniq_crazy_yiuf_cottage
D:3:      layout_basic, minmay_surrounded, uniq_terence
D:4:      layout_loops_ring, serial_shops, nicolae_stop_n_shop_1,
          grunt_decor_arrowhead, roderic_three_in_a_row,
          hangedman_feature_mirror
D:5:      layout_rooms, minmay_temple_entry_antechambers
D:6:      minmay_chambers_of_sixes, layout_rooms, grunt_qazlal_sundering,
          gammafunk_temple_overflow_pools, uniq_prince_ribbit1
D:7:      layout_loops_ring, mainiacjoe_overflow_six_doors_small, uniq_pikel
D:8:      layout_basic, lair_entry_dummy,
          ploomutoo_gammafunk_ghost_potion_laboratory
D:9:      layout_roguey, elyvilon_altar_5, serial_shops, shop, kennysheep_dice
D:10:     layout_loops_ring, nicolae_overflow_squiral, zombieorc2_lemuel
D:11:     layout_cave_pools, gammafunk_ghost_grave
D:12:     layout_loops_corners
D:13:     layout_long_grid, david_vaults_2, ebering_ghost_disaster_area
D:14:     layout_rooms, kennysheep_nondescript, uniq_lodul, uniq_rupert
D:15:     hangedman_depths_entry_civil_slaughter, layout_irregular_city,
          serial_shops, nicolae_lakefront_shop, nicolae_twisting_strands,
          nicolae_ashenzari_panopticon
Temple:   bh_familiar_temple
Lair:1:   layout_loops_ring, portal_ice_cave_entry_imps, roderic_batcave,
          minmay_holes, uniq_maggie
Lair:2:   layout_roguey, minmay_snake_entry_guardpost_small, enter_volcano_3,
          lemuel_fruit_tree
Lair:3:   layout_cave_pods, skrybe_swamp_entry_bodies
Lair:4:   layout_gridlike, grunt_megastairs_3
Lair:5:   cheibrodos_lair_end_hotspot, layout_regular_city, slime_entry_1,
          gammafunk_ghost_hydra_chop, infiniplex_staircase_pool
Swamp:1:  layout_basic_swamp, evilmike_swamp_ruin_house_3, swamp_pool2,
          nicolae_swamp_baby_hydras, uniq_louise
Snake:1:  layout_layer_cave, hellmonk_ghost_happy_afterlife, minmay_shop_star,
          uniq_azrael
Snake:2:  layout_basic, serial_shops, shop, shop, shop, nicolae_snake_omega
Snake:3:  layout_chambers, gammafunk_ghost_berserking_beasts,
          minmay_shop_grid_forest
Snake:4:  hellmonk_snake_rune_quicksilver_temple, layout_misc_corridors,
          serial_shops, nicolae_shop_tiny_real_fake_doors, uniq_roxanne
Orc:1:    layout_diamond_mine, serial_shops, nicolae_shop_trees
Orc:2:    st_orc_elflike, layout_caves, serial_shops, shop

Skill      XL: |  1  2  3  4  5  6  7  8  9 10 11 12 13 14 15 16 17 |
---------------+----------------------------------------------------+-----
Air Magic      | 5 6 8 9 10 13 15 | 15.0
Conjurations   | 2 4 5 8 11 12 15 | 15.1
Fighting       | 1 3 4 5 6 8 10 12 | 12.4
Dodging        | 5 6 8 10 11 12 | 12.8
Evocations     | 3 4 6 8 |  8.0
Spellcasting   | 4 6 7 8 10 12 | 12.5
Long Blades    | 6 |  6.7
Transmutations | 3 5 |  5.0
Ice Magic      | 1 5 |  5.0
Translocations | 2 5 |  5.0
Necromancy     | 2 5 |  5.0
Earth Magic    | 1 4 |  4.2
Stealth        | |  2.0

Action                     |  1- 3 |  4- 6 |  7- 9 | 10-12 | 13-15 | 16-18 || total
---------------------------+-------+-------+-------+-------+-------+-------++-------
  Melee: Whip              |    10 |     4 |       |       |       |       ||    14
         Staff             |     3 |       |     3 |       |       |       ||     6
         Kick              |     2 |     1 |    22 |    92 |    94 |    43 ||   254
         Unarmed           |     1 |       |       |       |       |       ||     1
         Peck              |     1 |     1 |    12 |    65 |    55 |    21 ||   155
         Punch             |     1 |       |       |     7 |     4 |       ||    12
         Hand axe          |       |     8 |    11 |       |       |       ||    19
         Falchion          |       |       |    45 |   253 |   184 |       ||   482
         Scimitar          |       |       |       |       |    39 |    95 ||   134
  Throw: Dart              |       |       |     3 |       |       |       ||     3
         Boomerang         |       |       |     1 |       |       |       ||     1
   Cast: Shock             |    53 |    68 |    97 |   140 |     2 |     2 ||   362
         Static Discharge  |     1 |     3 |    19 |    16 |     5 |       ||    44
         Swiftness         |       |     1 |     1 |       |     4 |     2 ||     8
         Airstrike         |       |       |     6 |    39 |   442 |   212 ||   699
         Arcjolt           |       |       |     6 |    39 |    29 |    24 ||    98
         Freezing Cloud    |       |       |       |     7 |    59 |    30 ||    96
         Irradiate         |       |       |       |       |    21 |     8 ||    29
         Orb of Destructio |       |       |       |       |     9 |     9 ||    18
         Blink             |       |       |       |       |     1 |     4 ||     5
         Apportation       |       |       |       |       |       |     4 ||     4
         Borgnjor's Vile C |       |       |       |       |       |     1 ||     1
  Evoke: Wand              |       |     7 |     6 |     8 |    14 |     9 ||    44
         Phantom mirror    |       |       |       |       |     2 |       ||     2
    Use: Scroll            |     1 |     5 |     8 |    14 |    23 |     9 ||    60
         Potion            |       |       |     2 |     3 |    13 |     7 ||    25
   Stab: Sleeping          |     1 |       |     1 |     3 |     1 |       ||     6
 Armour: Robe              |     6 |     2 |       |       |       |       ||     8
         Steam dragon scal |       |       |     8 |    19 |       |       ||    27
         Leather armour    |       |       |     2 |       |       |       ||     2
         Troll leather arm |       |       |       |    19 |    54 |    32 ||   105
  Dodge: Dodged            |    12 |    17 |    82 |   351 |   400 |   226 ||  1088

Table legend: (Time is in decaauts)
 A = Elapsed time spent in this place.
 B = Non-inter-level travel time spent in this place.
 C = Inter-level travel time spent in this place.
 D = Time resting spent in this place.
 E = Time spent auto-exploring this place.
 F = Levels seen in this place.
 G = Mean time per level.
                   A        B        C        D        E       F      G
               +--------+--------+--------+--------+--------+-----+--------+
         Total |  40137 |  37014 |   3123 |  10765 |  20214 |  28 | 1433.5 |
       Dungeon |  21103 |  19280 |   1823 |   5352 |  11363 |  15 | 1406.9 |
        Temple |    185 |    174 |     11 |      0 |    138 |   1 |  185.0 |
          Lair |   8705 |   8153 |    552 |   2344 |   4675 |   5 | 1741.0 |
         Swamp |    243 |    243 |      0 |    105 |     51 |   1 |  243.0 |
     Snake Pit |   6829 |   6462 |    367 |   1876 |   2771 |   4 | 1707.2 |
  Orcish Mines |   3070 |   2702 |    368 |   1088 |   1214 |   2 | 1535.0 |
               +--------+--------+--------+--------+--------+-----+--------+

Top non-repeatable levels by time:
 Snake:2: 2761 daAuts
  Lair:5: 2690 daAuts
  Lair:4: 2382 daAuts
    D:13: 2282 daAuts
    D:14: 1942 daAuts
     D:9: 1791 daAuts
   Orc:1: 1701 daAuts
    D:12: 1625 daAuts
     D:6: 1602 daAuts
 Snake:3: 1557 daAuts
    D:10: 1435 daAuts
     D:8: 1425 daAuts
   Orc:2: 1369 daAuts
 Snake:4: 1365 daAuts
     D:5: 1307 daAuts
